 Dungeon Crawl Stone Soup version 0.29-a0-757-g358383bc75 (webtiles) character file.

Game seed: 4056013157010169219

9 DuloT34 the Sneak (level 2, 0/16 HPs)
             Began as a Vine Stalker Delver on June 30, 2022.
             Succumbed to a water moccasin's poison
             ... on level 5 of the Dungeon.
             The game lasted 00:00:15 (30 turns).

DuloT34 the Sneak (Vine Stalker Delver)               Turns: 30, Time: 00:00:16

Health: 0/16       AC:  3    Str: 14    XL:     2   Next: 12%
Magic:  2/3        EV: 11    Int: 10    God:
Gold:   0          SH:  0    Dex: 15    Spells: 1/1 levels left

rFire   . . .      SeeInvis .   a - +0 short sword
rCold   . . .      Faith    .   (no shield)
rNeg    . . .      Spirit   +   b - +0 leather armour
rPois   .          Reflect  .   (no helmet)
rElec   .          Harm     .   (no cloak)
rCorr   .          Rampage  .   (no gloves)
Will    .....                   (no boots)
Stlth   +++.......              (no amulet)
HPRegen 0.05/turn               (no ring)
MPRegen 0.08/turn               (no ring)

@: lethally poisoned (0 -> -12)
A: fangs 2, magic shield, antimagic bite, no potion heal 2
a: no special abilities


You were on level 5 of the Dungeon.
You visited 1 branch of the dungeon, and saw 1 of its levels.

Inventory:

Hand Weapons
 a - a +0 short sword (weapon)
Armour
 b - a +0 leather armour (worn)
Jewellery
 h - a ring of fire
Wands
 g - a wand of digging (3)
Scrolls
 c - a scroll of fog
 d - a scroll of magic mapping
 e - a scroll of fear
Potions
 f - a potion of haste


   Skills:
 + Level 2.8 Fighting
 + Level 2.0 Short Blades
 - Level 1.7 Dodging
 - Level 6.1 Stealth


You had one spell level left.
You didn't know any spells.
Your spell library was empty.

Dungeon Overview and Level Annotations

Branches:
Dungeon (5/15)
 Temple: D:4-7

Altars:


Innate Abilities, Weirdness & Mutations

You have extremely sharp teeth.
When hurt, damage is shared between your health and your magic reserves.
Your bite disrupts and absorbs the magic of your enemies.
Potions cannot restore your health.


Message History

The adder barely misses you.
You hit the adder.
The adder is heavily wounded.
The adder bites you but does no damage.
You hit the adder.
The adder is severely wounded.
The adder closely misses you.
You hit the adder.
You kill the adder!
Your Short Blades skill increases to level 2!
You have reached level 2!
A water moccasin comes into view.
A water moccasin is nearby!
You don't know any spells.
Sorry, you're not good enough to have a special ability.
The water moccasin bites you but does no damage.
You hit the water moccasin.
The water moccasin is lightly wounded.
The water moccasin bites you.
You closely miss the water moccasin. You bite the water moccasin.
You drain its power.
You feel invigorated.
The water moccasin is lightly wounded.
The water moccasin bites you. x2
You are lethally poisoned!
The water moccasin poisons you!
You hit the water moccasin. Your bite misses the water moccasin.
The water moccasin is moderately wounded.
You feel very sick. The water moccasin closely misses you.
You are too injured to fight recklessly!
You are too injured to fight recklessly!
You are too injured to fight recklessly!
You barely miss the water moccasin. Your bite misses the water moccasin.
The water moccasin is moderately wounded.
* * * LOW HITPOINT WARNING * * *
You feel very sick.
The water moccasin completely misses you.
You hit the water moccasin but do no damage.
The water moccasin is moderately wounded.
You die...

### #.. . .#.....
.. ..#... #..
##....# ....
#.#..# #... #...#
#..#..########
#..S@.......#
##.#........#
#.#........#
#.#.†......#
#.##.#........# #
...#.#........##.#
...#.#...........
....#........#
#..#........#


You could see a water moccasin.

Vanquished Creatures
  An adder (D:5)
1 creature vanquished.

Notes
Turn   | Place    | Note
-------+----------+-------------------------------------------
     0 | D:5      | DuloT34 the Vine Stalker Delver began the quest for the
                  | Orb.
     0 | D:5      | Reached XP level 1. HP: 11/11 MP: 2/2
    20 | D:5      | Reached XP level 2. HP: 16/16 MP: 3/3
    22 | D:5      | Noticed a water moccasin
    30 | D:5      | Succumbed to a water moccasin's poison

Illustrated notes

Levels and vault maps discovered:
D:5:      layout_basic, mainiacjoe_overflow_catch_the_wave,
          minmay_temple_entry_arrows, portal_sewer_entry_f

Skill      XL: |  1 |
---------------+----+-----
Short Blades   | 2 |  2.0
Fighting       | |  2.8
Dodging        | |  1.7
Stealth        | |  6.1

Action                   || total
-------------------------++-------
Melee: Short sword       ||     8
       Bite              ||     1
Armor: Leather armour    ||     2
Dodge: Dodged            ||     4

Table legend: (Time is in decaauts)
 A = Elapsed time spent in this place.
 B = Non-inter-level travel time spent in this place.
 C = Inter-level travel time spent in this place.
 D = Time resting spent in this place.
 E = Time spent auto-exploring this place.
 F = Levels seen in this place.
 G = Mean time per level.
                   A        B        C        D        E       F      G
               +--------+--------+--------+--------+--------+-----+--------+
         Total |     30 |     30 |      0 |      0 |     12 |   1 |   30.0 |
       Dungeon |     30 |     30 |      0 |      0 |     12 |   1 |   30.0 |
               +--------+--------+--------+--------+--------+-----+--------+

Top non-repeatable levels by time:
     D:5: 30 daAuts
